 Dungeon Crawl Stone Soup version 0.30.0-29-ga12c61a403 (webtiles) character file.

Game seed: 15629499764248804948

324 monsoonserge the Ruffian (level 6, -1/50 HPs)
             Began as a Ghoul Gladiator on June 14, 2023.
             Was an Initiate of Ru.
             Slain by a bullfrog (2 damage)
             ... in a sewer.
             The game lasted 00:13:17 (3187 turns).

monsoonserge the Ruffian (Ghoul Gladiator)          Turns: 3187, Time: 00:13:18

Health: -1/50      AC:  6    Str: 19 (20) XL:     6   Next: 48%
Magic:  5/5        EV: 11    Int:  9      God:    Ru [......]
Gold:   189        SH:  0    Dex: 10      Spells: 5/5 levels left

rFire   . .          .
                       - Unarmed
rCold   + + .        (no shield)
rNeg    + + +        k - +0 ring mail
rPois   ∞            b - +0 helmet
rElec   .            (no cloak)
rCorr   .            (no gloves)
SInv    .            (no boots)
Will    .....        (no amulet) Stlth
                     r - +6 ring of intelligence
HPRegen 0.00/turn    u - ring of protection from cold
MPRegen 0.09/turn

%: no passive effects
@: inhibited regen, hasted, slow
A: claws 1, cold resistance 1, negative energy resistance 3, inhibited
regeneration, torment resistance 2, devour on kill
a: Renounce Religion


You were in a sewer.
You worshipped Ru.
Ru was noncommittal.
You visited 1 branch of the dungeon, and saw 4 of its levels.
You also visited: Sewer.

You collected 189 gold pieces.

Inventory:

Missiles
 c - 4 throwing nets
 d - a javelin
 e - 5 poisoned darts (quivered)
Armour
 b - a +0 helmet (worn)
 k - a +0 ring mail (worn)
Jewellery
 i - an amulet of faith
 r - a +6 ring of intelligence (left claw)
 u - a ring of protection from cold (right claw)
Wands
 s - a wand of polymorph (9)
Scrolls
 f - 7 scrolls of identify {unknown}
 g - a scroll of magic mapping {unknown}
 h - a scroll of enchant armour {unknown}
 n - 2 scrolls of vulnerability {unknown}
 o - a scroll of fear {unknown}
 p - a scroll of fog {unknown}
 q - a scroll of summoning {unknown}
 y - a scroll of amnesia {unknown}
Potions
 j - 2 potions of curing
 l - a potion of mutation
 m - a potion of brilliance {unknown}
 t - a potion of degeneration {unknown}
 v - a potion of heal wounds {unknown}
 w - a potion of ambrosia
 x - a potion of might {unknown}


   Skills:
 + Level 2.8 Fighting
 + Level 1.9 Throwing
 + Level 1.8 Armour
 + Level 3.1 Dodging
 * Level 6.6 Unarmed Combat


You had 5 spell levels left.
You didn't know any spells.
Your spell library contained the following spells:

 Spells                   Type           Power      Damage    Failure   Level
 Call Canine Familiar     Summ           0%         N/A       91%         3
 Portal Projectile        Hex/Tloc       0%         N/A       91%         3
 Leda's Liquefaction      Hex/Erth       0%         N/A       100%        4
 Summon Forest            Summ/Tloc      0%         N/A       100%        5
 Summon Mana Viper        Hex/Summ       0%         N/A       100%        5
 Summon Cactus Giant      Summ           0%         N/A       100%        6


Dungeon Overview and Level Annotations

Branches:
Dungeon (4/15)              Sewer (1/1)
 Temple: D:4-7

Altars:
Ru
Yredelemnul

Shops:
D:1 (   D:2 [


Innate Abilities, Weirdness & Mutations

You are immune to poison.
You have sharp fingernails.
Your flesh is cold resistant. (rC+)
You are immune to negative energy. (rN+++)
You do not regenerate when monsters are visible.
You are immune to unholy pain and torment.
You thrive by killing the living.


Message History

* * * LOW HITPOINT WARNING * * *
The endoplasm splashes around in the water.
The adder bites you but does no damage. The ball python bites you.
* * * LOW HITPOINT WARNING * * *
The ball python constricts you.
You escape the ball python's grasp.
You enter the shallow water.
Moving in this stuff is going to be slow.
You feel less invigorated.
You feel less confused.
The endoplasm splashes around in the water.
The bullfrog closely misses you. The adder barely misses you.
The adder bites you.
* * * LOW HITPOINT WARNING * * *
Okay, then.
Okay, then.
Okay, then.
Okay, then.
It was a potion of haste.
You feel yourself speed up. The bullfrog misses you.
The endoplasm splashes around in the water.
The adder bites you.
* * * LOW HITPOINT WARNING * * *
The adder closely misses you. The bullfrog attacks as you move away!
The bullfrog closely misses you. x2
The adder bites you but does no damage. The adder attacks as you move away!
The adder closely misses you. The bullfrog attacks as you move away!
The bullfrog completely misses you. The adder misses you.
The bullfrog closely misses you. The adder bites you but does no damage.
The adder closely misses you.
The ball python bites you but does no damage.
The ball python grabs you. The ball python constricts you.
The bullfrog closely misses you.
You escape the ball python's grasp.
The adder bites you.
* * * LOW HITPOINT WARNING * * *
The bullfrog hits you.
* * * LOW HITPOINT WARNING * * *
The adder bites you but does no damage. The adder attacks as you move away!
The adder bites you but does no damage. The adder attacks as you move away!
The adder bites you but does no damage. The bullfrog hits you.
You die...

####......†..####
##.........†.....##
#.......#.........#
#......##'##......##
......###..##......#
#†~~~.# #..###~...##
≈~~≈≈≈# #####≈≈~~~≈#
≈≈~≈≈≈# #≈~~~≈~#
≈~~~~~# #≈~S@≈≈#
≈≈≈~≈~# #≈≈F~S≈#
≈≈≈~~~# #≈≈S~~≈#
≈~.†~## #≈≈J~#≈#
..[(.≈# #≈≈~#J≈#
≈..~.≈# #≈≈≈~.≈#
~~≈~≈≈# #≈≈≈J.†#
~≈~~≈≈# #≈≈~≈~≈#
~~~≈≈≈# #≈~≈~#≈#


You could see a bullfrog, 2 adders, 2 endoplasms and a ball python.

Vanquished Creatures
  A bullfrog (Sewer)
  An orc wizard (D:3)
  A sleepcap (D:3)
  3 adders (Sewer)
  9 river rats (Sewer)
  A worm (D:2)
  5 endoplasms
  4 giant cockroaches
  11 goblins
  5 hobgoblins
  7 kobolds
  7 quokkas
  16 ball pythons
  9 bats
  6 frilled lizards
  31 rats
117 creatures vanquished.

Notes
Turn   | Place    | Note
-------+----------+-------------------------------------------
     0 | D:1      | monsoonserge the Ghoul Gladiator began the quest for the
                  | Orb.
     0 | D:1      | Reached XP level 1. HP: 17/17 MP: 0/0
    91 | D:1      | Noticed a +0 demon trident
    92 | D:1      | Found Amugery's Weapon Emporium.
    94 | D:1      | Noticed a +0 demon whip
   211 | D:1      | Reached XP level 2. HP: 20/24 MP: 1/1
  1073 | D:2      | Reached skill level 4 in Unarmed Combat
  1127 | D:2      | Reached XP level 3. HP: 30/30 MP: 2/2
  1420 | D:2      | Found Dimero's Antique Armour Boutique.
  1938 | D:3      | Found a basalt altar of Yredelemnul.
  2171 | D:3      | Found a sacrificial altar of Ru.
  2189 | D:3      | Reached XP level 4. HP: 37/37 MP: 3/3
  2198 | D:3      | Became a worshipper of Ru the Awakened
  2342 | D:3      | Reached skill level 5 in Unarmed Combat
  2401 | D:3      | Reached XP level 5. HP: 42/42 MP: 4/4
  2638 | D:4      | Found a glowing drain.
  2642 | Sewer    | Entered a sewer
  2699 | Sewer    | Reached skill level 1 in Armour
  2802 | Sewer    | Reached skill level 6 in Unarmed Combat
  3024 | Sewer    | Reached XP level 6. HP: 41/50 MP: 5/5
  3186 | Sewer    | HP: 1/50 [bullfrog (3)]
  3187 | Sewer    | Slain by a bullfrog

Illustrated notes

Levels and vault maps discovered:
D:1:      minmay_arrival_arboretum_small, layout_loops_corners,
          serial_co_window_serial, co_window_corner_a, co_window_corner_a,
          co_window_of_opportunity_a, co_window_of_opportunity_a,
          co_window_paths_a, co_window_paths_c, co_window_paths_c,
          co_window_broadway_a, co_window_unsneaky_path_d, co_window_corner_b,
          glass_columns_a, glass_columns_c, glass_columns_a, glass_columns_b,
          serial_shops, nicolae_shop_mannequins, nrook_mini_backslash
D:2:      layout_basic, serial_shops, nicolae_shop_behind_doors, st_stairs_13
D:3:      minmay_goblin_kobold_castle, layout_loops_ring,
          nicolae_ru_great_annihilating_truth, lemuel_tele_altar
D:4:      gammafunk_steamed_eel, layout_basic, gup_sewer_entry_spiral,
          st_stairs_3, nicolae_concentric_dashed_squares_mild,
          grunt_ministairs_14
Sewer:    sewer_minmay_w

Skill      XL: |  1  2  3  4  5 |
---------------+----------------+-----
Unarmed Combat | 4 5 6 |  6.6
Dodging        | 3 |  3.1
Armour         | 1 |  1.8
Fighting       | |  2.8
Throwing       | |  1.9

Action                     |  1- 3 |  4- 6 || total
---------------------------+-------+-------++-------
  Melee: Unarmed           |   135 |   199 ||   334
         Punch             |     5 |     3 ||     8
  Throw: Dart              |       |     1 ||     1
 Invoke: Reject Sacrifices |       |     1 ||     1
    Use: Potion            |       |     4 ||     4
 Armour: Leather armour    |     9 |       ||     9
         Ring mail         |    36 |    92 ||   128
  Dodge: Dodged            |    72 |   178 ||   250
